 Dungeon Crawl Stone Soup version 0.29.0-13-gc9e81de378 (webtiles) character file.

Game seed: 16408958518627385157

10626 SnakkuSnakku7 the Thaumaturge (level 11, -2/81 HPs)
             Began as a Djinni Monk on Sept 8, 2022.
             Was an Elder of Makhleb.
             Slain by a komodo dragon (18 damage)
             ... on level 2 of the Lair of Beasts.
             The game lasted 00:19:45 (13861 turns).

SnakkuSnakku7 the Thaumaturge (Djinni Monk)        Turns: 13861, Time: 00:19:46

Health: -2/81      AC: 10    Str: 10    XL:     11   Next: 96%
Gold:   145        EV: 12    Int: 16    God:    Makhleb [****..] SH:  0 Dex: 22

rFire   + + .      SeeInvis .   a - staff of conjuration
rCold   x . .      Faith    .   (no shield)
rNeg    . . .      Spirit   .   z - +0 ring mail
rPois   ∞          Reflect  .   k - +0 helmet
rElec   .          Harm     .   c - +0 cloak
rCorr   .          Rampage  .   A - +2 pair of gloves {hurl}
Will    +....                   (boots unavailable)
Stlth   ++........              (no amulet)
HPRegen 0.23/turn               q - +6 ring of dexterity
MPRegen 0.00/turn               (no ring)

@: freezing walls, attractive, flying
A: sickness immunity, fire resistance 2, cold vulnerability 1, float, innate
caster, HP casting, extra vitality 1
a: Renounce Religion, Minor Destruction, Lesser Servant of Makhleb, Major
Destruction


You were on level 2 of the Lair of Beasts.
You worshipped Makhleb.
Makhleb was greatly pleased with you.
You visited 3 branches of the dungeon, and saw 13 of its levels.

You collected 565 gold pieces.
You spent 420 gold pieces at shops.

Inventory:

Hand Weapons
 b - a +1 quarterstaff of draining
Missiles
 D - 3 throwing nets
Armour
 c - a +0 cloak (worn)
 k - a +0 helmet (worn)
 z - a +0 ring mail (worn)
 A - a +2 pair of gloves of hurling (worn)
 G - a +0 tower shield of fire resistance
Magical Staves
 a - a staff of conjuration (weapon)
 B - a staff of fire
Jewellery
 l - a +4 ring of protection
 q - a +6 ring of dexterity (left hand)
Wands
 d - a wand of iceblast (10)
 w - a wand of flame (15)
 E - a wand of polymorph (17)
 F - a wand of charming (11)
 I - a wand of mindburst (7)
Scrolls
 f - a scroll of immolation {unknown}
 g - 3 scrolls of teleportation
 i - a scroll of fear {unknown}
 j - a scroll of enchant armour {unknown}
 n - 2 scrolls of magic mapping
 r - 2 scrolls of poison
 y - a scroll of vulnerability {unknown}
Potions
 e - 3 potions of degeneration {unknown}
 h - 3 potions of mutation
 m - a potion of invisibility
 s - 2 potions of attraction
 u - a potion of might
 x - 2 potions of brilliance
 C - 4 potions of lignification
 H - a potion of haste


   Skills:
 - Level 8.0 Fighting
 - Level 2.6 Long Blades
 + Level 4.3 Dodging
 - Level 1.5 Stealth
 - Level 10.0 Shields
 - Level 10.0 Spellcasting


You had 15 spell levels left.
You knew the following spells:

 Your Spells              Type           Power      Damage    Failure   Level
a - Hailstorm             Conj/Ice       57%        3d12      3%          4
b - Ensorcelled Hibernat  Hex/Ice        80%        N/A       1%          2
c - Frozen Ramparts       Ice            80%        1d13      1%          3
d - Summon Small Mammal   Summ           100%       N/A       1%          1
e - Metabolic Englaciati  Hex/Ice        20%        N/A       11%         5
Your spell library was empty.

Dungeon Overview and Level Annotations

Branches:
Dungeon (10/15)            Temple (1/1) D:5            Lair (2/5) D:10
  Swamp: Lair:2-3    Shoals: Lair:2-3     Snake: Lair:2-3    Spider: Lair:2-3
    Orc: D:9-12

Altars:
Ashenzari
Cheibriados
Dithmenos
Elyvilon
Fedhas
Gozag
Hepliaklqana
Makhleb
Nemelex Xobeh
Okawaru
Qazlal
Ru
Trog
Uskayaw
Wu Jian
Xom
Yredelemnul
Zin
The Shining One

Shops:
D:6 [

Annotations:
D:3 Dig


Innate Abilities, Weirdness & Mutations

You are immune to sickness and miasma.
You are immune to poison.
Your flesh is very heat resistant. (rF++)
You are vulnerable to cold. (rC-)
You float through the air rather than walking.
You learn spells naturally, not from books.
Your magical power is your life essence.
You have superior vitality. (+4 MHP)


Message History

The wolf bites you!
* * * LOW HITPOINT WARNING * * *
The wall freezes the wolf.
The wall freezes the wolf but does no damage.
The wolf misses you.
You barely miss the wolf.
The wolf is severely wounded.
A nearby plant withers and dies.
The wall freezes the wolf.
The wall freezes the wolf but does no damage.
The wolf barely misses you.
The wall freezes the wolf.
You kill the wolf!
Makhleb accepts your kill.
You feel better.
The wall freezes the wolf.
The wolf barely misses you.
You barely miss the wolf.
The wolf is severely wounded.
A nearby plant withers and dies.
The wall freezes the wolf but does no damage.
The wolf bites you.
* * * LOW HITPOINT WARNING * * *
The wall freezes the wolf.
The wolf bites you but does no damage.
Unknown command.
Okay, then.
It was a potion of attraction.
You feel attractive to monsters.
The wall freezes the wolf.
You kill the wolf!
Makhleb accepts your kill.
You feel better.
The wall freezes the komodo dragon but does no damage.
You hit the komodo dragon but do no damage.
The wall freezes the komodo dragon but does no damage.
The komodo dragon bites you but does no damage.
Aiming: Charm
Press: ? - help, Shift-Dir - straight line, f - komodo dragon
Aim: a komodo dragon (chance to affect: 31%)
The komodo dragon easily resists.
A yak comes into view.
The wall freezes the komodo dragon!
The komodo dragon seems to slow down.
The komodo dragon bites you!!
You die...

# .. ... ##
...$###### ..##
...Y.....# #...#
#...#....##....#.#
.h......†l@......#
.........##.#.#.##
....##!..# ## ...
##..# ! ##P# ###


You could see a komodo dragon (slow) and a yak (wandering).

Vanquished Creatures
  A two-headed ogre (D:9)
  A black mamba (Lair:1)
  2 kobold demonologists (D:10)
  4 komodo dragons
  A troll (D:10)
  A hornet (D:9)
  3 blink frogs (Lair:1)
  Sigmund (D:6)
  A wraith (D:10)
  A wyvern (Lair:1)
  A vampire (D:10)
  12 yaks
  2 steam dragons
  Menkaure (D:4)
  4 water moccasins
  2 orc warriors (D:7)
  2 sky beasts
  An ice beast (D:6)
  3 black bears
  3 ogres
  6 wolves (Lair:2)
  5 centaurs
  4 phantoms
  A kobold brigand (D:10)
  5 bullfrogs
  A gnoll sergeant (D:8)
  3 necrophages
  5 scorpions
  3 killer bees (D:9)
  2 electric eels (D:9)
  4 howler monkeys
  A gnoll bouda (D:5)
  2 orc priests
  3 jellies
  A hound (D:6)
  6 iguanas
  2 orc wizards
  Robin (D:2)
  8 gnolls
  4 adders
  A white imp (D:6)
  2 ufetubi
  3 worms
  A dart slug (D:1)
  21 orcs
  5 ball pythons
  4 bats
  5 endoplasms
  4 giant cockroaches
  14 goblins
  13 hobgoblins
  6 jackals
  11 kobolds
  6 quokkas
  A frilled lizard (D:3)
  6 rats
217 creatures vanquished.

Vanquished Creatures (others)
  43 fungi
  53 plants
96 creatures vanquished.

Grand Total: 313 creatures vanquished

Notes
Turn   | Place    | Note
-------+----------+-------------------------------------------
     0 | D:1      | SnakkuSnakku7 the Djinni Monk began the quest for the Orb.
     0 | D:1      | Reached XP level 1. HP: 20/20 MP: 0/0
   327 | D:1      | Reached skill level 1 in Spellcasting
   327 | D:1      | Reached XP level 2. HP: 19/25 MP: 0/0
   679 | D:1      | Reached XP level 3. HP: 30/30 MP: 0/0
   679 | D:1      | Learned a level 1 spell: Summon Small Mammal
  1546 | D:2      | Found a faded altar of an unknown god.
  1546 | D:2      | Noticed Robin
  1900 | D:2      | Reached XP level 4. HP: 19/35 MP: 0/0
  2452 | D:2      | Killed Robin
  3206 | D:3      | Found a glowing silver altar of Zin.
  3539 | D:3      | Reached XP level 5. HP: 33/40 MP: 0/0
  3539 | D:3      | Learned a level 2 spell: Ensorcelled Hibernation
  3703 | D:3      | Noticed a steam dragon
  3714 | D:3      | Killed a steam dragon
  3715 | D:3      | Reached XP level 6. HP: 34/46 MP: 0/0
  4012 | D:4      | Noticed Menkaure
  4021 | D:4      | Killed Menkaure
  4022 | D:4      | Reached skill level 5 in Spellcasting
  4022 | D:4      | Reached XP level 7. HP: 26/50 MP: 0/0
  4022 | D:4      | Learned a level 3 spell: Frozen Ramparts
  4633 | D:5      | Entered Level 5 of the Dungeon
  4911 | D:5      | Reached XP level 8. HP: 25/56 MP: 0/0
  5677 | D:5      | Found a staircase to the Ecumenical Temple.
  5918 | Temple   | Entered the Ecumenical Temple
  5984 | Temple   | Became a worshipper of Makhleb the Destroyer
  5984 | Temple   | Reached * piety under Makhleb
  5984 | Temple   | Reached ** piety under Makhleb
  6126 | D:6      | Noticed a komodo dragon
  6137 | D:6      | Killed a komodo dragon
  6540 | D:6      | Found Ece Wad's Antique Armour Boutique.
  6544 | D:6      | Noticed Sigmund
  6557 | D:6      | Killed Sigmund
  6558 | D:6      | Reached XP level 9. HP: 52/60 MP: 0/0
  6558 | D:6      | Learned a level 4 spell: Hailstorm
  6567 | D:6      | Bought a pair of runed gloves for 210 gold pieces
  7906 | D:7      | Found a snail-covered altar of Cheibriados.
  7909 | D:7      | Found a glowing golden altar of the Shining One.
  8024 | D:7      | Reached skill level 10 in Spellcasting
  8024 | D:7      | Reached XP level 10. HP: 52/67 MP: 0/0
  8952 | D:8      | Reached *** piety under Makhleb
  8953 | D:8      | Reached skill level 5 in Fighting
  9674 | D:6      | Bought a glowing tower shield for 210 gold pieces
  9793 | D:9      | Found an ornate altar of the Wu Jian Council.
  9964 | D:9      | Noticed a two-headed ogre
  9985 | D:9      | Killed a two-headed ogre
 10334 | D:9      | Reached skill level 1 in Shields
 10964 | D:10     | Entered Level 10 of the Dungeon
 10990 | D:10     | Found a sacrificial altar of Ru.
 10994 | D:10     | Noticed a kobold demonologist
 11000 | D:10     | Noticed a rust devil
 11000 | D:10     | Killed a kobold demonologist
 11001 | D:10     | Reached XP level 11. HP: 78/81 MP: 0/0
 11001 | D:10     | Learned a level 5 spell: Metabolic Englaciation
 11015 | D:10     | Found a white marble altar of Elyvilon.
 11519 | D:10     | Reached skill level 5 in Shields
 11534 | D:10     | Found a stormy altar of Qazlal.
 11981 | D:10     | Found a staircase to the Lair.
 12198 | Lair:1   | Entered Level 1 of the Lair of Beasts
 13126 | Lair:1   | Reached **** piety under Makhleb
 13587 | Lair:1   | Reached skill level 10 in Shields
 13815 | Lair:2   | Noticed a catoblepas
 13844 | Lair:2   | HP: 4/81 [catoblepas (16)]
 13861 | Lair:2   | Slain by a komodo dragon

Illustrated notes

Levels and vault maps discovered:
D:1:      tarquinn_simple_flora_water_c, layout_loops_cross,
          nicolae_concentric_dashed_squares_wild
D:2:      layout_loops_corners, nicolae_ecumenical_oubliette, minmay_bisected,
          uniq_robin
D:3:      layout_basic, mainiacjoe_overflow_alcove_4, serial_glass,
          glass_columns_c, glass_columns_a, item_on_display_a,
          due_unseen_surprise, wad_rectangle_vault
D:4:      layout_rooms, uniq_menkaure
D:5:      layout_basic, nicolae_overflow_crystal_walls, temple_hall
D:6:      layout_basic, serial_shops, shop_statue, st_stairs_8, uniq_sigmund
D:7:      layout_loops_corners, minitemple
D:8:      layout_basic
D:9:      layout_basic, nzn_wu_jian_contemplation, hellmonk_bongcloud_opening,
          kennysheep_cluttered_room
D:10:     layout_roguey, mainiacjoe_overflow_tiny_flanked,
          mainiacjoe_overflow_boulevard, nicolae_ru_awakened_eye,
          due_lair_maze_entry_diamond, chequers_serial_rivers_small_b
Temple:   eino_temple_water
Lair:1:   layout_small_grid, grunt_megastairs_5
Lair:2:   layout_misc_corridors, minmay_swamp_entry_wisps, serial_bayou_shore_b

Skill      XL: |  1  2  3  4  5  6  7  8  9 10 11 |
---------------+----------------------------------+-----
Spellcasting   | 1 2 3 4 5 6 8 10 | 10.0
Fighting       | 8 |  8.0
Shields        | 4 10 | 10.0
Dodging        | 4 |  4.3
Long Blades    | |  2.6
Stealth        | |  1.5

Action                   |  1- 3 |  4- 6 |  7- 9 | 10-12 || total
-------------------------+-------+-------+-------+-------++-------
Melee: Falchion          |   129 |    61 |       |       ||   190
       Punch             |     1 |       |       |     5 ||     6
       Quarterstaff      |       |    65 |   146 |    33 ||   244
       Staff             |       |       |    33 |   169 ||   202
 Cast: Frozen Ramparts   |       |       |    25 |    36 ||    61
       Hailstorm         |       |       |     8 |    34 ||    42
Evoke: Wand              |       |     5 |       |     1 ||     6
  Use: Potion            |     1 |       |       |     6 ||     7
       Scroll            |       |       |       |    15 ||    15
 Stab: Sleeping          |     1 |     4 |       |       ||     5
       Distracted        |       |     1 |       |       ||     1
Armor: Robe              |    29 |    39 |     1 |       ||    69
       Ring mail         |       |       |    68 |   126 ||   194
Dodge: Dodged            |   128 |   109 |   115 |   185 ||   537
